 Dungeon Crawl Stone Soup version 0.28.0-49-g6dfe1f597d (webtiles) character file.

Game seed: 7744066842720232903

32 CryoSword the Chopper (level 3, -2/31 HPs)
             Began as a Ghoul Fighter on May 16, 2022.
             Slain by Grinder (3 damage)
             ... while paralysed by Grinder
             ... on level 3 of the Dungeon.
             The game lasted 00:02:05 (1649 turns).

CryoSword the Chopper (Ghoul Fighter)               Turns: 1649, Time: 00:02:05

Health: -2/31      AC:  7    Str: 19    XL:     3   Next: 27%
Magic:  2/2        EV:  2    Int:  5    God:
Gold:   40         SH:  0    Dex:  8    Spells: 2/2 levels left

rFire   . . .      SeeInvis .   a - +0 war axe
rCold   + . .      Faith    .   c - +0 buckler
rNeg    + + +      Spirit   .   b - +0 scale mail
rPois   ∞          Reflect  .   (no helmet)
rElec   .          Harm     .   (no cloak)
rCorr   .          Rampage  .   j - +0 pair of gloves
Will    .....                   (no boots)
Stlth   ..........              (no amulet)
HPRegen 0.00/turn               (no ring)
MPRegen 0.08/turn               (no ring)

@: paralysed, mighty, inhibited regen
A: claws 1, cold resistance 1, negative energy resistance 3, inhibited
regeneration, torment resistance 2
a: no special abilities


You were on level 3 of the Dungeon.
You visited 1 branch of the dungeon, and saw 3 of its levels.

You collected 40 gold pieces.

Inventory:

Hand Weapons
 a - a +0 war axe (weapon)
Armour
 b - a +0 scale mail (worn)
 c - a +0 buckler (worn)
 j - a +0 pair of gloves (worn)
   (You found it on level 1 of the Dungeon)
Scrolls
 g - 2 scrolls of vulnerability {unknown}
 k - a scroll of identify {unknown}
 l - a scroll of torment {unknown}
 m - a scroll of blinking {unknown}
 n - a scroll of magic mapping {unknown}
 p - a scroll of holy word {unknown}
Potions
 e - a potion of resistance {unknown}
 f - 2 potions of ambrosia {unknown}
 h - 2 potions of curing {unknown}
 i - a potion of heal wounds {unknown}
 o - a potion of attraction {unknown}
 q - a potion of flight {unknown}


   Skills:
 - Level 3.2 Fighting
 + Level 3.3 Axes
 - Level 2.6 Armour
 - Level 2.6 Shields


You had 2 spell levels left.
You didn't know any spells.
Your spell library contained the following spells:

 Spells                   Type           Power      Damage    Failure   Level
 Gell's Gravitas          Tloc           0%         N/A       100%        3
 Teleport Other           Tloc           0%         N/A       100%        3
 Dispersal                Tloc           0%         N/A       100%        6


Dungeon Overview and Level Annotations

Branches:
Dungeon (3/15)

Altars:
Sif Muna

Annotations:
D:3 Grinder


Innate Abilities, Weirdness & Mutations

You thrive by killing the living.
You are immune to poison.
You have sharp fingernails.
Your flesh is cold resistant. (rC+)
You are immune to negative energy. (rN+++)
You do not regenerate when monsters are visible.
You are immune to unholy pain and torment.


Message History

You kill the ball python!
You feel better.
You hit the endoplasm.
The endoplasm hits you but does no damage.
You hit the endoplasm. The endoplasm completely misses you.
You slash the endoplasm!
You kill the endoplasm!
No target in view!
Could not explore, unopened door.
Could not explore, unopened door.
You open the door.
Found a stone staircase leading down.
There is an open door here.
There is a stone staircase leading down here.
A rat comes into view.
A rat is nearby!
You slash the rat!
You kill the rat!
No target in view!
No target in view!
No target in view!
No target in view!
No target in view!
No target in view!
You see here a rat corpse.
Found a stone staircase leading up.
An endoplasm comes into view.
Found a scroll labelled WIYNNY ETYFU.
The endoplasm quivers.
An endoplasm is nearby!
The endoplasm hits you but does no damage.
You hit the endoplasm. The endoplasm barely misses you.
The endoplasm freezes you.
You are frozen.
You resist.
You slash the endoplasm!
You kill the endoplasm!
No target in view!
p - a scroll labelled WIYNNY ETYFU
Found 13 stones.
You see here 13 stones.
You now have 40 gold pieces (gained 14).
Found a stone staircase leading up.
There is an open door here.
No target in view!
You open the door.
There is an open door here.
Found a dagger.
A frilled lizard comes into view.
The frilled lizard hisses angrily.
A frilled lizard is nearby!
The frilled lizard bites you.
You hit the frilled lizard.
You kill the frilled lizard!
You feel better.
No target in view!
You see here a +0 dagger.
You see here a frilled lizard corpse.
Found 10 stones.
You see here 10 stones.
Could not explore, unopened door.
Could not explore, unopened door.
You open the door.
There is an open door here.
There is a stone staircase leading down here.
You see here 3 scrolls of immolation {!r}.
You see here 3 scrolls of immolation {!r}.
There is a stone staircase leading down here.
There is a faded altar of an unknown god here.
There is an open door here.
Could not explore, unopened door.
Could not explore, unopened door.
You open the door.
Done exploring.
Done exploring.
Done exploring.
There is a shaft here.
There is a stone staircase leading down here.
You climb downwards.
There is a stone staircase leading up here.
A goblin comes into view. It is wielding a +0 club.
The goblin shouts!
The goblin unwields a +0 club.
The goblin wields a +0 hunting sling.
The goblin shoots a stone.
The stone hits you but does no damage.
A goblin is nearby!
A goblin is nearby!
The goblin unwields a +0 hunting sling.
The goblin wields a +0 club.
You block the goblin's attack.
You slash the goblin!
You kill the goblin!
No target in view!
Things that are here:
a +0 club; a +0 hunting sling; 18 stones A goblin comes into view.
It is wielding a +0 dagger.
The goblin shouts!
A goblin is nearby!
A goblin is nearby!
A goblin comes into view. It is wielding a +0 dagger.
The goblin shouts!
You block the goblin's attack.
You hit the goblin.
You kill the goblin!
The goblin hits you but does no damage.
Things that are here:
a +0 dagger; a goblin corpse You hit the goblin.
You kill the goblin!
No target in view!
No target in view!
No target in view!
No target in view!
No target in view!
No target in view!
No target in view!
No target in view!
You see here a +0 dagger.
q - a white potion Grinder comes into view.
Grinder shouts!
Grinder drinks a potion.
Grinder seems to speed up.
Unknown command.
Grinder blinks!
You see here a +0 dagger.
Things that are here:
a +0 dagger; a goblin corpse You feel very mighty all of a sudden.
Grinder blinks!
Grinder is no longer moving quickly.
Grinder gestures at you.
You suddenly lose the ability to move!
Grinder hits you. Grinder hits you but does no damage. x2
You can move again.
Unknown command.
Unknown command.
You barely miss Grinder. Grinder hits you!
You slash Grinder! Grinder hits you!
* * * LOW HITPOINT WARNING * * *
You slice Grinder!! Grinder hits you.
* * * LOW HITPOINT WARNING * * *
Grinder hits you.
* * * LOW HITPOINT WARNING * * *
You barely miss Grinder. Grinder hits you.
* * * LOW HITPOINT WARNING * * *
You hit Grinder. Grinder hits you.
* * * LOW HITPOINT WARNING * * *
Grinder gestures at you.
You suddenly lose the ability to move!
Grinder hits you but does no damage.
Grinder blinks!
Grinder hits you.
You die...

#....#
#############
#.####
#...........#
#.###
#...........#
#...#
#...........#
###.#
#...........# #.#
#...........#
###.#
#...........#
#§..#
#...........#
#@###
#...........# #5#
#...........# #.#
#...........# #.#
#...........# #.#
##.........## #.#
#.........### #.#
#.........).# #.#
#.........#)###.#


You could see Grinder.

Vanquished Creatures
  A worm (D:2)
  A dart slug (D:2)
  3 endoplasms
  2 giant cockroaches
  A hobgoblin (D:2)
  2 kobolds (D:2)
  A ball python (D:2)
  2 bats
  3 frilled lizards
  5 goblins
  6 rats
27 creatures vanquished.

Notes
Turn   | Place    | Note
-------+----------+-------------------------------------------
     0 | D:1      | CryoSword the Ghoul Fighter began the quest for the Orb.
     0 | D:1      | Reached XP level 1. HP: 19/19 MP: 0/0
   475 | D:1      | Reached XP level 2. HP: 24/26 MP: 1/1
   731 | D:2      | Found a faded altar of an unknown god.
   977 | D:2      | Reached XP level 3. HP: 31/31 MP: 2/2
   999 | D:2      | Found a shimmering blue altar of Sif Muna.
  1613 | D:3      | Noticed Grinder
  1638 | D:3      | Paralysed by Grinder for 3 turns
  1645 | D:3      | HP: 1/31 [Grinder (3)]
  1645 | D:3      | Paralysed by Grinder for 6 turns
  1649 | D:3      | Slain by Grinder

Illustrated notes

Levels and vault maps discovered:
D:1:      eino_arrival_cavern_a, layout_basic
D:2:      layout_basic, hellmonk_ecumenical_altar_blasted, basic_altar
D:3:      layout_basic, tgw_kikubaaqudgha, serial_shops, shop, uniq_grinder,
          uniq_ijyb

Skill      XL: |  1  2 |
---------------+-------+-----
Axes           | 2 3 |  3.3
Fighting       | |  3.2
Armour         | |  2.6
Shields        | |  2.6

Action                   || total
-------------------------++-------
Melee: War axe           ||    76
  Use: Potion            ||     1
Armor: Scale mail        ||    37
Dodge: Dodged            ||    34
Block: Buckler           ||    14
